 Dungeon Crawl Stone Soup version 0.31-a0-1620-gcbf77bbcfc (webtiles) character file.

Game seed: 2917110968135286800

1479 Ivernyr the Shield-Bearer (level 9, -7/67 (69) HPs)
             Began as a Formicid Fighter on Jan 11, 2024.
             Was a Believer of Wu Jian.
             Mangled by a red ugly thing (12 damage)
             ... on level 13 of the Dungeon.
             The game lasted 00:12:07 (5193 turns).

Ivernyr the Shield-Bearer (Formicid Fighter)        Turns: 5193, Time: 00:12:08

HP:   -7/67 (69)    AC: 11    Str: 25    XL:     9   Next: 6%
MP:   9/9           EV:  9    Int:  8    God:    Wu Jian [**....]
Gold: 259           SH: 11    Dex: 13    Spells: 8/8 levels left

rFire   + + .        a - +0 quarterstaff (venom)
rCold   x . .        c - +0 buckler
rNeg    . . .        b - +0 fire dragon scales
rPois   .            (helmet unavailable)
rElec   .            k - +0 cloak
rCorr   .            (no gloves)
SInv    +            (no boots)
Will    .....        m - amulet of reflection Stlth
                     (no ring)
HPRegen 0.31/turn    (no ring)
MPRegen 0.11/turn

%: reflection
@: lightly drained
A: permanent stasis, dig shafts and tunnels, antennae 3, four strong arms
a: Dig, Shaft Self, Renounce Religion, Wall Jump


You were on level 13 of the Dungeon.
You worshipped Wu Jian.
Wu Jian was pleased with you.
You visited 1 branch of the dungeon, and saw 9 of its levels.

You collected 259 gold pieces.

Inventory:

Hand Weapons
 a - a +0 quarterstaff of venom (weapon)
Armour
 b - +0 fire dragon scales (worn)
 c - a +0 buckler (worn)
 k - a +0 cloak (worn)
Jewellery
 m - an amulet of reflection (around neck)
 n - a ring of flight
 B - a ring of protection from cold
Scrolls
 f - 2 scrolls of enchant armour
 i - 3 scrolls of identify
 j - 2 scrolls of noise
 o - a scroll of blinking
 w - 2 scrolls of poison {unknown}
 x - a scroll of amnesia {unknown}
 y - a scroll of acquirement {unknown}
 A - a scroll of vulnerability {unknown}
Potions
 d - 2 potions of might
 e - 2 potions of mutation {unknown}
 g - a potion of berserk rage {unknown}
 h - 4 potions of curing {unknown}
 l - a potion of brilliance {unknown}
 p - a potion of lignification {unknown}
 q - a potion of haste {unknown}
 s - 2 potions of enlightenment {unknown}
 t - a potion of cancellation {unknown}
 v - a potion of heal wounds {unknown}
 z - 2 potions of attraction {unknown}
 C - a potion of ambrosia {unknown}


   Skills:
 + Level 6.1 Fighting
 * Level 7.0 Staves
 + Level 6.1 Armour
 + Level 7.3 Shields


You had 8 spell levels left.
You didn't know any spells.
Your spell library contained the following spells:

 Spells                   Type           Power      Damage    Failure   Level
 Apportation              Tloc           0%         N/A       78%         1
 Jinxbite                 Hex            0%         N/A       89%         2
 Static Discharge         Conj/Air       0%         3-3/arc   89%         2
 Call Canine Familiar     Summ           0%         N/A       98%         3
 Sigil of Binding         Hex            0%         N/A       98%         3
 Airstrike                Air            0%         2d(0-16)  100%        4
 Anguish                  Hex/Necr       0%         N/A       100%        4
 Cause Fear               Hex            0%         N/A       100%        4
 Dimensional Bullseye     Hex/Tloc       0%         N/A       100%        4
 Summon Lightning Spire   Summ/Air       0%         N/A       100%        4
 Alistair's Intoxication  Alch           0%         N/A       100%        5
 Enfeeble                 Hex            0%         N/A       100%        7


Dungeon Overview and Level Annotations

Branches:
Dungeon (7/15)             Temple (0/1) D:4

Altars:
Hepliaklqana
Kikubaaqudgha
Okawaru
Uskayaw
Wu Jian
The Shining One

Shops:
D:1 =   D:7 (

Annotations:
D:7 Joseph


Innate Abilities, Weirdness & Mutations

You cannot be hasted, slowed, berserked, paralysed or teleported.
You can dig through walls and to a lower floor.
You have a pair of large antennae on your head. (SInv)
Your four strong arms can wield two-handed weapons with a shield.


Message History

* * * LOW HITPOINT WARNING * * *
You hit the red ugly thing.
The red ugly thing looks as sick as possible!
The red ugly thing is moderately wounded.
You block the red ugly thing's attack.
Found a glass wand and a scroll of revelation.
The red ugly thing barely misses you.
You barely miss the red ugly thing.
The red ugly thing is heavily wounded.
The red ugly thing headbutts you.
* * * LOW HITPOINT WARNING * * *
You are engulfed in flames.
You resist.
* * * LOW HITPOINT WARNING * * *
Unknown command.
You barely miss the red ugly thing.
The red ugly thing is heavily wounded.
The red ugly thing barely misses you.
Unknown command.
You closely miss the red ugly thing.
The red ugly thing is heavily wounded.
You hit the red ugly thing.
The red ugly thing looks as sick as possible!
The red ugly thing is severely wounded.
The red ugly thing closely misses you.
You hit the red ugly thing.
The red ugly thing looks as sick as possible!
The red ugly thing is severely wounded.
You block the red ugly thing's attack.
You barely miss the red ugly thing.
The red ugly thing is severely wounded.
The red ugly thing headbutts you.
* * * LOW HITPOINT WARNING * * *
You are engulfed in flames.
You resist.
* * * LOW HITPOINT WARNING * * *
Unknown command.
Okay, then.
You block the red ugly thing's attack.
The red ugly thing attacks as it pursues you!
The red ugly thing headbutts you!
You die...

##.#........ ..
#.#........# ....
...#........ #....
...........# ......
...........# #####......
...........## #..#....?..
..........#.###...#.....#
...............##......#
...............u@....#..#
...........#..........#
#..........#..##....../#
##......#..##.###....###
#........#.#.....#..#.#
.#........#.#..##.#..##
####.....##...## ###
#.#....####...# ##..####
#...#


You could see a red ugly thing (very poisoned).

Vanquished Creatures
  A black bear (D:4)
  An ice beast (D:3)
  An ogre (D:6)
  A phantom (D:4)
  A kobold brigand (D:5)
  2 scorpions
  4 wights (D:6)
  An electric eel (D:6)
  3 bombardier beetles
  A howler monkey (D:5)
  A hound (D:6)
  3 orc priests
  A jelly (D:4)
  4 iguanas
  A sleepcap (D:6)
  2 orc wizards
  5 adders
  6 gnolls
  3 ribbon worms
  2 dart slugs (D:1)
  10 orcs
  5 endoplasms
  4 giant cockroaches
  6 goblins
  14 hobgoblins
  4 quokkas
  4 ball pythons
  8 bats
  A frilled lizard (D:2)
  8 kobolds
  8 rats
116 creatures vanquished.

Vanquished Creatures (others)
  An orc wizard (D:7)
1 creature vanquished.

Grand Total: 117 creatures vanquished

Notes
Turn   | Place    | Note
-------+----------+-------------------------------------------
     0 | D:1      | Ivernyr the Formicid Fighter began the quest for the Orb.
     0 | D:1      | Reached XP level 1. HP: 18/18 MP: 1/1
   140 | D:1      | Reached XP level 2. HP: 24/24 MP: 2/2
   465 | D:1      | Reached XP level 3. HP: 29/29 MP: 3/3
   505 | D:1      | Found Seyfa's One-of-a-Kind Rings.
   952 | D:2      | Found an ornate altar of the Wu Jian Council.
   967 | D:2      | Reached XP level 4. HP: 34/37 MP: 4/4
   980 | D:2      | Became a worshipper of the Wu Jian Council
  1080 | D:2      | Found a faded altar of an unknown god.
  1927 | D:3      | Reached XP level 5. HP: 42/42 MP: 5/5
  2012 | D:3      | Found a glowing golden altar of the Shining One.
  2017 | D:3      | Noticed an ice beast
  2036 | D:3      | Killed an ice beast
  2037 | D:3      | Reached skill level 5 in Shields
  2037 | D:3      | Reached XP level 6. HP: 32/48 MP: 6/6
  2122 | D:3      | Reached * piety under Wu Jian
  2452 | D:4      | Noticed a black bear
  2462 | D:4      | Killed a black bear
  2463 | D:4      | Reached XP level 7. HP: 53/55 MP: 7/7
  2538 | D:4      | Reached skill level 5 in Staves
  2755 | D:4      | Reached skill level 5 in Fighting
  2755 | D:4      | Reached skill level 5 in Armour
  2775 | D:4      | Found a staircase to the Ecumenical Temple.
  2976 | D:5      | Entered Level 5 of the Dungeon
  3101 | D:5      | Reached XP level 8. HP: 60/62 MP: 8/8
  3151 | D:5      | Reached ** piety under Wu Jian
  3380 | D:5      | Found a hazy altar of Hepliaklqana.
  3380 | D:5      | Found a hide-covered altar of Uskayaw.
  3503 | D:5      | Found an ancient bone altar of Kikubaaqudgha.
  3797 | D:6      | Found an iron altar of Okawaru.
  4548 | D:6      | Reached XP level 9. HP: 69/69 MP: 9/9
  4843 | D:7      | Found Waqu's Weapon Boutique.
  4844 | D:7      | Noticed Joseph
  4871 | D:7      | You fall into a shaft and drop 3 floors!
  4871 | D:10     | Entered Level 10 of the Dungeon
  4895 | D:10     | HP: 2/67 [wight/+5 spear of freezing (4)]
  4897 | D:10     | You fall into a shaft and drop 3 floors!
  5165 | D:13     | Noticed a red ugly thing
  5183 | D:13     | HP: 2/67 [red ugly thing (6)]
  5193 | D:13     | Mangled by a red ugly thing

Illustrated notes

Levels and vault maps discovered:
D:1:      noname_arrival_rooms_in_the_neighbourhood, layout_basic,
          nicolae_shop_unique_rings, minmay_tetromino_l4
D:2:      layout_loops_corners, basic_altar,
          hellmonk_ecumenical_altar_crossroads, minmay_close_crescents
D:3:      layout_rooms, tso_metal_star
D:4:      layout_basic, temple_hall
D:5:      layout_basic, gammafunk_temple_overflow_pools, kennysheep_mini
D:6:      layout_basic, nicolae_overflow_crystal_walls, kennysheep_path_1
D:7:      layout_gridville, mainiacjoe_overflow_alcove_2, serial_shops, shop,
          enter_bailey_2, minmay_circle_x, uniq_duvessa, uniq_joseph,
          uniq_pikel, uniq_maurice
D:10:     layout_cave_pods, david_lair_shrubbed, minmay_quadrilaterals
D:13:     layout_big_octagon, david_vaults_4

Skill      XL: |  1  2  3  4  5  6  7  8  9 |
---------------+----------------------------+-----
Staves         | 3 4 5 6 7 |  7.0
Fighting       | 4 5 6 |  6.1
Armour         | 4 5 6 |  6.1
Shields        | 5 6 7 |  7.3

Action                     |  1- 3 |  4- 6 |  7- 9 || total
---------------------------+-------+-------+-------++-------
  Melee: Quarterstaff      |    69 |   122 |   230 ||   421
Ability: Lunge             |       |    11 |     9 ||    20
         Whirlwind         |       |     2 |     6 ||     8
         Shaft Self        |       |       |     2 ||     2
    Use: Potion            |       |     1 |       ||     1
         Scroll            |       |       |     7 ||     7
 Armour: Scale mail        |    37 |       |       ||    37
         Fire dragon scale |     4 |    52 |   109 ||   165
  Dodge: Dodged            |    32 |    39 |    60 ||   131
  Block: Buckler           |    17 |    62 |    95 ||   174
         Reflection        |       |       |     3 ||     3

Table legend: (Time is in decaauts)
 A = Elapsed time spent in this place.
 B = Non-inter-level travel time spent in this place.
 C = Inter-level travel time spent in this place.
 D = Time resting spent in this place.
 E = Time spent auto-exploring this place.
 F = Levels seen in this place.
 G = Mean time per level.
                   A        B        C        D        E       F      G
               +--------+--------+--------+--------+--------+-----+--------+
         Total |   5227 |   5036 |    191 |    349 |   3642 |   9 |  580.8 |
       Dungeon |   5227 |   5036 |    191 |    349 |   3642 |   9 |  580.8 |
               +--------+--------+--------+--------+--------+-----+--------+

Top non-repeatable levels by time:
     D:6: 1225 daAuts
     D:2: 980 daAuts
     D:1: 964 daAuts
     D:4: 648 daAuts
     D:5: 612 daAuts
     D:3: 415 daAuts
    D:13: 295 daAuts
     D:7: 60 daAuts
    D:10: 25 daAuts
